2705 views
Uploaded 2020-02-09 16:25:07
Game version 1.32 / 1.32.1
17:00 long 2on2 ladder game on (4)TidewaterGlades_LV
Saved by Grim
2705 views
Uploaded 2020-02-09 16:25:07
Game version 1.32 / 1.32.1
17:00 long 2on2 ladder game on (4)TidewaterGlades_LV


54 units @ 9.7k
/ 1.2k
28 buildings @ 4.4k
/ 1.8k


| Healing Salve | 2 | 200 |
| Rod of Necromancy | 1 | 150 |
| total: | 3 | 350g |
| Peon | 8 | 600 | / | 0 |
| Grunt | 14 | 2800 | / | 0 |
| Shaman | 3 | 390 | / | 60 |
| Tauren | 6 | 1680 | / | 480 |
| total: | 31 | 5470g | / | 540w |
| Altar of Storms | 1 | 180 | / | 50 |
| Orc Burrow | 7 | 1120 | / | 280 |
| Barracks | 1 | 180 | / | 50 |
| Voodoo Lounge | 1 | 130 | / | 30 |
| War Mill | 1 | 205 | / | 0 |
| Spirit Lodge | 1 | 150 | / | 150 |
| Tauren Totem | 3 | 405 | / | 465 |
| Stronghold | 1 | 315 | / | 190 |
| Fortress | 1 | 325 | / | 190 |
| total: | 15 | 2370g | / | 1025w |
| 0:03 | Peon |
| 0:04 | Peon |
| 0:09 | Altar of Storms |
| 0:23 | Orc Burrow |
| 0:26 | Peon |
| 0:33 | Barracks |
| 0:35 | Peon |
| 0:45 | Peon |
| 1:01 | Peon |
| 1:19 | Peon |
| 1:30 | Orc Burrow |
| 1:45 | Grunt |
| 1:55 | Peon |
| 2:06 | Voodoo Lounge |
| 2:22 | Wind Walk |
| 2:25 | Grunt |
| 2:49 | Grunt |
| 3:22 | War Mill |
| 3:24 | Grunt |
| 3:49 | Critical Strike |
| 4:46 | Stronghold |
| 4:48 | Grunt |
| 4:49 | Steel Melee Weapons |
| 4:57 | Orc Burrow |
| 5:12 | Grunt |
| 5:16 | Healing Salve |
| 5:29 | Orc Burrow |
| 5:57 | Grunt |
| 6:09 | Steel Armor |
| 6:25 | Orc Burrow |
| 6:49 | Rod of Necromancy |
| 6:58 | Grunt |
| 7:23 | Pillage |
| 8:19 | Grunt |
| 8:26 | Spirit Lodge |
| 8:43 | Healing Wave |
| 8:54 | Grunt |
| 8:55 | Fortress |
| 9:11 | Grunt |
| 9:21 | Berserker Strength |
| 9:46 | Tauren Totem |
| 9:47 | Shaman Adept Training |
| 10:08 | Grunt |
| 10:19 | Orc Burrow |
| 10:52 | Shaman |
| 10:58 | Grunt |
| 11:24 | Wind Walk |
| 11:36 | Spirit Walker Adept Training |
| 11:39 | Tauren Totem |
| 11:41 | Tauren |
| 12:15 | Grunt |
| 12:16 | Tauren |
| 12:23 | Hex |
| 12:38 | Tauren Totem |
| 12:39 | Shaman Master Training |
| 12:53 | Healing Salve |
| 13:15 | Tauren |
| 13:39 | Tauren |
| 13:54 | Pulverize |
| 14:09 | Orc Burrow |
| 14:37 | Spirit Walker Master Training |
| 14:43 | Shaman |
| 15:01 | Shaman |
| 15:38 | Tauren |
| 16:40 | Tauren |
| Right click | 703 |
| Select | 238 |
| Select group | 124 |
| Build/train/purchase | 77 |
| Assign group | 21 |
| Use ability | 14 |
| Minimap ping | 4 |
| Remove unit | 3 |



| Rod of Necromancy | 2 | 300 |
| Sacrificial Skull | 1 | 50 |
| Potion of Mana | 1 | 200 |
| Orb of Corruption | 1 | 375 |
| Scroll of Town Portal | 1 | 350 |
| Potion of Lesser Invulnerability | 1 | 150 |
| total: | 7 | 1425g |
| Acolyte | 3 | 225 | / | 0 |
| Ghoul | 3 | 360 | / | 0 |
| Crypt Fiend | 13 | 2795 | / | 520 |
| Obsidian Statue | 4 | 800 | / | 140 |
| total: | 23 | 4180g | / | 660w |
| Crypt | 1 | 200 | / | 50 |
| Graveyard | 1 | 215 | / | 0 |
| Altar of Darkness | 1 | 180 | / | 50 |
| Ziggurat | 7 | 1050 | / | 350 |
| Tomb of Relics | 1 | 130 | / | 30 |
| Slaughterhouse | 2 | 280 | / | 270 |
| Halls of the Dead | 1 | 320 | / | 210 |
| Black Citadel | 1 | 325 | / | 230 |
| total: | 13 | 2055g | / | 750w |
| 0:04 | Acolyte |
| 0:08 | Crypt |
| 0:10 | Graveyard |
| 0:17 | Acolyte |
| 0:17 | Acolyte |
| 0:43 | Altar of Darkness |
| 0:56 | Ziggurat |
| 1:10 | Ghoul |
| 1:21 | Ghoul |
| 1:35 | Tomb of Relics |
| 1:48 | Crypt Fiend |
| 2:00 | Ziggurat |
| 2:21 | Crypt Fiend |
| 2:21 | Crypt Fiend |
| 2:46 | Rod of Necromancy |
| 2:47 | Death Coil |
| 3:13 | Halls of the Dead |
| 3:21 | Ghoul |
| 3:41 | Crypt Fiend |
| 4:23 | Unholy Aura |
| 4:31 | Crypt Fiend |
| 4:33 | Ziggurat |
| 5:23 | Ziggurat |
| 5:24 | Crypt Fiend |
| 5:48 | Rod of Necromancy |
| 6:05 | Burrow |
| 6:18 | Slaughterhouse |
| 6:33 | Frost Armor |
| 6:37 | Sacrificial Skull |
| 6:38 | Potion of Mana |
| 6:59 | Crypt Fiend |
| 8:28 | Black Citadel |
| 8:29 | Crypt Fiend |
| 8:29 | Obsidian Statue |
| 9:02 | Crypt Fiend |
| 9:24 | Obsidian Statue |
| 9:49 | Crypt Fiend |
| 10:23 | Crypt Fiend |
| 11:12 | Creature Attack |
| 11:14 | Ziggurat |
| 11:15 | Ziggurat |
| 11:20 | Death Coil |
| 11:22 | Frost Nova |
| 11:54 | Destroyer Form |
| 12:06 | Impale |
| 12:07 | Orb of Corruption |
| 12:36 | Obsidian Statue |
| 12:37 | Crypt Fiend |
| 12:42 | Scroll of Town Portal |
| 13:06 | Slaughterhouse |
| 13:52 | Ziggurat |
| 14:12 | Potion of Lesser Invulnerability |
| 14:56 | Crypt Fiend |
| 14:58 | Obsidian Statue |
| Right click | 1016 |
| Select group | 837 |
| Assign group | 267 |
| Select | 198 |
| Build/train/purchase | 95 |
| Use ability | 49 |
| Minimap ping | 12 |
| Misc. action | 10 |
| Remove unit | 4 |
| Chat | 4 |
| Item give/drop | 3 |
77 units @ 10.7k
/ 1k
46 buildings @ 5.1k
/ 2.3k



| Lesser Clarity Potion | 2 | 140 |
| Potion of Healing | 3 | 450 |
| Scroll of Regeneration | 1 | 100 |
| Staff of Sanctuary | 1 | 250 |
| Orb of Fire | 1 | 325 |
| Scroll of Town Portal | 1 | 350 |
| total: | 9 | 1615g |
| Peasant | 14 | 1050 | / | 0 |
| Footman | 7 | 945 | / | 0 |
| Priest | 7 | 945 | / | 70 |
| Spell Breaker | 7 | 1505 | / | 210 |
| Sorceress | 4 | 620 | / | 80 |
| total: | 39 | 5065g | / | 360w |
| Scout Tower | 1 | 30 | / | 20 |
| Arcane Tower | 1 | 70 | / | 50 |
| Altar of Kings | 1 | 180 | / | 50 |
| Barracks | 1 | 160 | / | 60 |
| Farm | 10 | 800 | / | 200 |
| Arcane Vault | 1 | 130 | / | 30 |
| Blacksmith | 1 | 140 | / | 60 |
| Town Hall | 1 | 385 | / | 205 |
| Arcane Sanctum | 2 | 300 | / | 280 |
| Keep | 1 | 320 | / | 210 |
| Castle | 1 | 360 | / | 210 |
| total: | 18 | 2125g | / | 905w |
| 0:01 | Peasant |
| 0:01 | Peasant |
| 0:03 | Altar of Kings |
| 0:17 | Barracks |
| 0:19 | Peasant |
| 0:33 | Farm |
| 0:49 | Peasant |
| 0:49 | Peasant |
| 0:58 | Peasant |
| 1:08 | Farm |
| 1:17 | Footman |
| 1:20 | Peasant |
| 1:29 | Farm |
| 1:44 | Footman |
| 1:53 | Scout Tower |
| 1:57 | Footman |
| 2:07 | Summon Water Elemental |
| 2:11 | Peasant |
| 2:23 | Arcane Tower |
| 2:44 | Footman |
| 3:11 | Brilliance Aura |
| 3:19 | Keep |
| 3:19 | Footman |
| 3:38 | Arcane Vault |
| 4:32 | Footman |
| 4:50 | Lesser Clarity Potion |
| 5:44 | Arcane Sanctum |
| 5:44 | Arcane Sanctum |
| 5:45 | Footman |
| 6:05 | Farm |
| 6:06 | Farm |
| 6:07 | Farm |
| 6:40 | Potion of Healing |
| 6:42 | Storm Bolt |
| 6:47 | Farm |
| 7:00 | Priest |
| 7:02 | Spell Breaker |
| 7:26 | Summon Water Elemental |
| 8:12 | Thunder Clap |
| 8:26 | Spell Breaker |
| 8:27 | Sorceress |
| 8:38 | Lesser Clarity Potion |
| 8:54 | Priest |
| 9:29 | Control Magic |
| 9:29 | Spell Breaker |
| 9:30 | Priest |
| 9:30 | Sorceress |
| 9:33 | Blacksmith |
| 9:35 | Peasant |
| 9:36 | Peasant |
| 9:36 | Peasant |
| 10:15 | Priest |
| 10:15 | Spell Breaker |
| 10:20 | Town Hall |
| 10:47 | Brilliance Aura |
| 10:52 | Thunder Clap |
| 10:54 | Iron Plating |
| 11:26 | Castle |
| 11:27 | Priest Adept Training |
| 11:29 | Sorceress Adept Training |
| 12:32 | Priest |
| 12:32 | Spell Breaker |
| 12:34 | Scroll of Town Portal |
| 12:34 | Scroll of Regeneration |
| 12:35 | Potion of Healing |
| 12:42 | Peasant |
| 12:42 | Peasant |
| 12:59 | Peasant |
| 13:01 | Farm |
| 13:02 | Steel Plating |
| 13:30 | Spell Breaker |
| 13:35 | Priest |
| 13:35 | Priest |
| 13:42 | Farm |
| 13:47 | Storm Bolt |
| 14:28 | Staff of Sanctuary |
| 14:28 | Orb of Fire |
| 14:37 | Priest Master Training |
| 14:40 | Sorceress |
| 14:48 | Farm |
| 15:10 | Sorceress |
| 15:16 | Potion of Healing |
| 15:17 | Holy Light |
| 15:30 | Spell Breaker |
| 16:52 | Summon Water Elemental |
| Right click | 902 |
| Select group | 448 |
| Select | 372 |
| Misc. action | 249 |
| Assign group | 229 |
| Build/train/purchase | 114 |
| Use ability | 20 |
| Esc | 11 |
| Minimap ping | 5 |
| Item give/drop | 3 |
| Remove unit | 1 |


| Lesser Clarity Potion | 1 | 70 |
| Scroll of Regeneration | 2 | 200 |
| Potion of Mana | 1 | 200 |
| Staff of Sanctuary | 1 | 250 |
| Scroll of Healing | 1 | 250 |
| Scroll of Town Portal | 2 | 700 |
| Potion of Lesser Invulnerability | 1 | 150 |
| total: | 9 | 1820g |
| Peasant | 15 | 1125 | / | 0 |
| Footman | 8 | 1080 | / | 0 |
| Rifleman | 6 | 1230 | / | 180 |
| Priest | 3 | 405 | / | 30 |
| Gryphon Rider | 4 | 1120 | / | 280 |
| Goblin Shredder | 1 | 375 | / | 100 |
| Furbolg Shaman | 1 | 255 | / | 30 |
| total: | 38 | 5590g | / | 620w |
| Scout Tower | 5 | 150 | / | 100 |
| Arcane Tower | 1 | 70 | / | 50 |
| Guard Tower | 2 | 140 | / | 100 |
| Altar of Kings | 1 | 180 | / | 50 |
| Barracks | 1 | 160 | / | 60 |
| Farm | 12 | 960 | / | 240 |
| Town Hall | 1 | 385 | / | 205 |
| Arcane Vault | 1 | 130 | / | 30 |
| Blacksmith | 2 | 280 | / | 120 |
| Lumber Mill | 1 | 120 | / | 0 |
| Arcane Sanctum | 1 | 150 | / | 140 |
| Gryphon Aviary | 3 | 420 | / | 450 |
| Keep | 1 | 320 | / | 210 |
| Castle | 1 | 360 | / | 210 |
| total: | 28 | 2935g | / | 1395w |
| 0:02 | Peasant |
| 0:06 | Altar of Kings |
| 0:07 | Peasant |
| 0:20 | Barracks |
| 0:21 | Peasant |
| 0:33 | Farm |
| 0:46 | Peasant |
| 0:54 | Peasant |
| 1:02 | Farm |
| 1:08 | Peasant |
| 1:22 | Footman |
| 1:34 | Footman |
| 1:42 | Peasant |
| 1:45 | Farm |
| 1:47 | Farm |
| 1:53 | Peasant |
| 1:59 | Peasant |
| 2:12 | Peasant |
| 2:21 | Storm Bolt |
| 2:58 | Peasant |
| 2:59 | Footman |
| 3:09 | Town Hall |
| 3:15 | Scout Tower |
| 3:18 | Peasant |
| 3:20 | Footman |
| 3:34 | Arcane Vault |
| 3:49 | Thunder Clap |
| 3:51 | Arcane Tower |
| 3:54 | Peasant |
| 4:15 | Footman |
| 4:32 | Peasant |
| 4:36 | Defend |
| 4:46 | Lesser Clarity Potion |
| 4:50 | Scroll of Regeneration |
| 4:55 | Footman |
| 5:12 | Keep |
| 5:19 | Scout Tower |
| 5:20 | Scout Tower |
| 5:21 | Farm |
| 5:27 | Footman |
| 5:36 | Blacksmith |
| 5:45 | Lumber Mill |
| 5:54 | Footman |
| 6:05 | Furbolg Shaman |
| 6:34 | Guard Tower |
| 6:35 | Scout Tower |
| 6:35 | Scout Tower |
| 6:46 | Farm |
| 6:47 | Farm |
| 6:49 | Black Gunpowder |
| 6:50 | Rifleman |
| 6:53 | Scroll of Regeneration |
| 6:58 | Improved Masonry |
| 7:00 | Rifleman |
| 7:04 | Guard Tower |
| 7:26 | Thunder Clap |
| 8:02 | Rifleman |
| 8:05 | Arcane Sanctum |
| 8:11 | Potion of Mana |
| 8:34 | Rifleman |
| 8:34 | Long Rifles |
| 8:36 | Farm |
| 8:40 | Improved Lumber Harvesting |
| 8:53 | Farm |
| 8:55 | Peasant |
| 9:04 | Siphon Mana |
| 9:16 | Rifleman |
| 9:32 | Refined Gunpowder |
| 9:35 | Farm |
| 9:47 | Potion of Lesser Invulnerability |
| 9:48 | Scroll of Healing |
| 10:03 | Flame Strike |
| 10:17 | Farm |
| 10:18 | Farm |
| 10:20 | Priest Adept Training |
| 11:02 | Storm Bolt |
| 11:13 | Castle |
| 11:17 | Gryphon Aviary |
| 11:30 | Priest |
| 11:30 | Priest |
| 12:30 | Rifleman |
| 12:38 | Studded Leather Armor |
| 12:41 | Gryphon Aviary |
| 12:42 | Gryphon Aviary |
| 12:48 | Blacksmith |
| 12:54 | Priest |
| 13:09 | Siphon Mana |
| 13:17 | Scroll of Town Portal |
| 13:36 | Gryphon Rider |
| 13:39 | Reinforced Leather Armor |
| 13:52 | Goblin Shredder |
| 14:16 | Staff of Sanctuary |
| 14:29 | Gryphon Rider |
| 14:30 | Gryphon Rider |
| 14:48 | Storm Hammers |
| 14:51 | Iron Forged Swords |
| 14:53 | Priest Master Training |
| 15:21 | Iron Plating |
| 15:23 | Gryphon Rider |
| 15:36 | Dragonhide Armor |
| 15:47 | Scroll of Town Portal |
| 15:57 | Steel Forged Swords |
| 15:59 | Mithril Forged Swords |
| 16:58 | Flame Strike |
| 16:59 | Thunder Clap |
| Right click | 657 |
| Select | 556 |
| Select group | 455 |
| Misc. action | 146 |
| Build/train/purchase | 106 |
| Use ability | 28 |
| Assign group | 27 |
| Resource trade | 14 |
| Item give/drop | 8 |
| Esc | 3 |
| Minimap ping | 2 |
| Remove unit | 1 |
โ